 Dungeon Crawl Stone Soup version 0.27-a0-1529-g1e82c303ef (webtiles) character file.

Game seed: 694855362599613280

3603 Mesmaeker13 the Arsonist (level 9, -3/62 HPs)
             Began as a Yellow Draconian Fire Elementalist on July 12, 2021.
             Slain by a vampire (6 damage)
             ... on level 9 of the Dungeon.
             The game lasted 00:14:25 (8902 turns).

Mesmaeker13 the Arsonist (DrFE)                     Turns: 8902, Time: 00:14:25

Health: -3/62      AC:  8    Str: 10    XL:     9   Next: 86%
Magic:  14/14      EV: 14    Int: 19    God:
Gold:   316        SH:  0    Dex: 12    Spells: 4/14 levels left

rFire    . . .     SeeInvis .   b - +0 double sword (drain)
rCold    . . .     Faith    .   (no shield)
rNeg     . . .     Spirit   .   (armour unavailable)
rPois    .         Reflect  .   (helmet restricted)
rElec    .         Harm     .   g - +0 cloak
rCorr    +         Rampage  .   (no gloves)
Will     .....                  (no boots)
Stlth    +.........             (no amulet)
HPRegen  0.20/turn              (no ring)
MPRegen  0.14/turn              (no ring)

@: confused, flying
A: spit acid, AC +7, unfitting armour, cold-blooded, acid resistance
a: Breathe Acid


You were on level 9 of the Dungeon.
You visited 1 branch of the dungeon, and saw 8 of its levels.

You collected 316 gold pieces.

Inventory:

Hand Weapons
 b - a +0 double sword of draining (weapon)
 d - a +0 trident of flaming
 h - a +4 hunting sling
Armour
 g - a +0 cloak (worn)
Jewellery
 f - a ring of ice
 y - a ring of flight
Wands
 o - a wand of iceblast (9)
 u - a wand of paralysis (3)
Scrolls
 a - a scroll of fog
 j - a scroll of noise
 m - a scroll of immolation
Potions
 e - 4 potions of attraction
 i - a potion of cancellation {unknown}
 l - a potion of magic
 n - a potion of resistance {unknown}
 p - a potion of flight
 r - a potion of mutation {unknown}
 s - 2 potions of haste {unknown}
 w - a potion of might {unknown}
 x - a potion of heal wounds {unknown}
 z - a potion of degeneration {unknown}
 A - a potion of lignification {unknown}


   Skills:
 + Level 7.5 Dodging
 - Level 1.7 Stealth
 - Level 3.3 Spellcasting
 + Level 8.1 Conjurations
 + Level 8.6 Fire Magic


You had 4 spell levels left.
You knew the following spells:

 Your Spells              Type           Power      Damage    Failure   Level
a - Foxfire               Conj/Fire      100%       2x1d9     1%          1
b - Sticky Flame          Conj/Fire      34%        2d5       4%          4
c - Fireball              Conj/Fire      17%        3d9       13%         5

Your spell library contained the following spells:

 Spells                   Type           Power      Damage    Failure   Level
 Conjure Flame            Conj/Fire      34%        6-21      1%          3
 Inner Flame              Hex/Fire       19%        N/A       8%          3


Dungeon Overview and Level Annotations

Branches:
Dungeon (7/15)             Temple (0/1) D:5

Altars:
Elyvilon
Makhleb
Qazlal
Sif Muna
Xom
Yredelemnul

Annotations:
D:3 2 transporters
D:9 Erolcha


Innate Abilities, Weirdness & Mutations

You can spit globs of acid.
Your golden yellow scales are hard. (AC +7)
You cannot fit into any form of body armour.
You are cold-blooded and may be slowed by cold attacks.
You are resistant to acid. (rCorr)


Message History

The vampire bites you but does no damage.
The vampire hits you. The vampire misses you.
You're too confused to cast spells.
You bump into the rock wall.
The vampire casts a spell.
The vampire flickers and vanishes!
Deactivating autopickup; reactivate with Ctrl-A.
Unknown command.
Something hits you! Something bites you.
Something draws strength from your injuries!
Something hits you! Something bites you.
* * * LOW HITPOINT WARNING * * *
Something draws strength from your injuries!
You feel less confused.
You hear some strange, mumbled words.
You are confused.
You feel better.
You feel better. Something hits you. Something bites you.
Something draws strength from your injuries!
Found 10 gold pieces.
You hear some strange, mumbled words.
You are confused.
Found a stone staircase leading up.
You hear some strange, mumbled words.
You are more confused.
Something hits you!
* * * LOW HITPOINT WARNING * * *
Something bites you.
* * * LOW HITPOINT WARNING * * *
Something draws strength from your injuries!
You're too confused to move!
Something hits you!
* * * LOW HITPOINT WARNING * * *
Something bites you.
* * * LOW HITPOINT WARNING * * *
Something draws strength from your injuries!
It was a potion of flight.
You feel very buoyant.
You fly up into the air.
Something hits you but does no damage. Something bites you.
You die...

# .. ...## #...####
##....###
##$......####
#.......{...#####
#.......@........##
..................#
...............####
............####
.........####
.......### .<...##
.###


There were no monsters in sight!

Vanquished Creatures
  A two-headed ogre (D:9)
  A wyvern (D:6)
  Grum (D:9)
  A sky beast (D:6)
  A black bear (D:2)
  4 ice beasts
  4 necrophages
  2 orc warriors (D:6)
  A centaur (D:5)
  3 wolves (D:9)
  2 bullfrogs
  A gnoll sergeant (D:6)
  A scorpion (D:6)
  5 wights (D:9)
  A howler monkey (D:7)
  A bullfrog zombie (D:3)
  A centaur zombie (D:5)
  3 crimson imps (D:3)
  5 hounds
  3 orc priests (D:6)
  5 jellies
  An iguana (D:5)
  An orc wizard (D:6)
  A killer bee zombie (D:6)
  A hound zombie (D:5)
  A hound skeleton (D:5)
  7 gnolls
  3 adders
  A white imp (D:7)
  An ufetubus (D:6)
  An adder skeleton (D:4)
  2 worms
  A dart slug (D:2)
  4 orcs
  3 ball pythons
  13 endoplasms
  2 giant cockroaches
  8 goblins
  4 hobgoblins (D:3)
  12 jackals
  A quokka (D:2)
  4 bats
  A frilled lizard (D:2)
  9 kobolds
  2 rats
  A spectral orc (D:5)
132 creatures vanquished.

Vanquished Creatures (collateral kills)
  A foxfire (D:3)
1 creature vanquished.

Vanquished Creatures (others)
  A butterfly (D:3)
  330 foxfires
  4 fungi (D:2)
  7 toadstools (D:2)
342 creatures vanquished.

Grand Total: 475 creatures vanquished

Notes
Turn   | Place    | Note
-------+----------+-------------------------------------------
     0 | D:1      | Mesmaeker13 the Draconian Fire Elementalist began the quest
                  | for the Orb.
     0 | D:1      | Reached XP level 1. HP: 14/14 MP: 3/3
   565 | D:1      | Reached XP level 2. HP: 20/20 MP: 3/5
  1791 | D:2      | Reached XP level 3. HP: 26/26 MP: 2/6
  2392 | D:3      | Noticed an ice beast
  2448 | D:3      | Reached XP level 4. HP: 33/33 MP: 3/7
  2683 | D:3      | Found a faded altar of an unknown god.
  2698 | D:3      | Noticed a water elemental
  2789 | D:3      | Reached XP level 5. HP: 38/38 MP: 3/9
  2891 | D:3      | Found a stormy altar of Qazlal.
  2988 | D:3      | Noticed an air elemental
  2989 | D:3      | Noticed a fire elemental
  3039 | D:3      | Killed an ice beast
  3102 | D:3      | Found a white marble altar of Elyvilon.
  3137 | D:3      | Found a shimmering altar of Xom.
  3169 | D:3      | Found a burning altar of Makhleb.
  3171 | D:3      | Noticed a blizzard demon
  3175 | D:3      | Noticed an orange demon
  3175 | D:3      | Noticed a ynoxinul
  3219 | D:4      | Learned a level 4 spell: Sticky Flame
  3608 | D:4      | Reached XP level 6. HP: 45/45 MP: 9/11
  4026 | D:5      | Entered Level 5 of the Dungeon
  4426 | D:5      | Found a staircase to the Ecumenical Temple.
  4436 | D:5      | Found a basalt altar of Yredelemnul.
  4606 | D:5      | Reached skill level 5 in Fire Magic
  4606 | D:5      | Your scales start taking on a golden yellow colour.
  4606 | D:5      | Reached XP level 7. HP: 29/50 MP: 7/12
  4606 | D:5      | Gained mutation: You are resistant to acid. (rCorr) [Yellow
                  | Draconian growth]
  4745 | D:5      | Found a shimmering blue altar of Sif Muna.
  5271 | D:3      | Found a transporter.
  5277 | D:3      | Found a transporter.
  6315 | D:6      | Reached skill level 5 in Conjurations
  6315 | D:6      | Reached XP level 8. HP: 57/57 MP: 10/13
  6407 | D:6      | Reached skill level 5 in Dodging
  7561 | D:6      | Reached XP level 9. HP: 50/62 MP: 10/14
  7569 | D:6      | Learned a level 5 spell: Fireball
  8112 | D:7      | You fall into a shaft and drop 2 floors!
  8170 | D:9      | Noticed a two-headed ogre
  8191 | D:9      | Killed a two-headed ogre
  8523 | D:9      | Noticed Grum
  8559 | D:9      | Killed Grum
  8753 | D:9      | Noticed Erolcha
  8901 | D:9      | HP: 3/62 [something (1)]
  8902 | D:9      | Slain by a vampire

Illustrated notes

Levels and vault maps discovered:
D:1:      psy_arrival_conway, layout_basic
D:2:      cheibrodos_fertilizer, layout_basic,
          amcnicky_mini_rare_corridor_liquid
D:3:      gammafunk_steamed_eel, layout_basic, nicolae_elyvilon_peaceful_grove,
          led_xom_imps, makhleb_altar_promises_db,
          nicolae_qazlal_style_of_elements,
          shapermc_ecumenical_altar_starsandcircs, st_stairs_14
D:4:      layout_cave_pools, chequers_jeans, chequers_serial_rivers_micro_a
D:5:      layout_cave_pools, led_sif_pool, yredelemnul_forgotten_temple_becter,
          temple_doors_e
D:6:      layout_basic, minmay_fractal_squares_5
D:7:      layout_loops_ring
D:9:      layout_cave_pods, zin_treasury, mainiacjoe_overflow_small_starburst,
          grunt_decor_fettered, uniq_erolcha, uniq_grum

Skill      XL: |  1  2  3  4  5  6  7  8  9 |
---------------+----------------------------+-----
Dodging        | 2 3 4 6 7 |  7.5
Conjurations   | 2 3 4 5 6 8 |  8.1
Spellcasting   | 3 |  3.3
Fire Magic     | 4 5 7 8 |  8.6
Stealth        | |  1.7

Action                   |  1- 3 |  4- 6 |  7- 9 || total
-------------------------+-------+-------+-------++-------
Melee: Double sword      |    12 |     9 |    50 ||    71
       Tailslap          |     2 |     1 |     6 ||     9
 Cast: Foxfire           |    53 |    85 |    57 ||   195
       Sticky Flame      |       |       |    27 ||    27
       Fireball          |       |       |     1 ||     1
 Abil: Breathe Acid      |       |       |     9 ||     9
Evoke: Wand              |       |       |    12 ||    12
  Use: Scroll            |       |     1 |     9 ||    10
       Potion            |       |       |     3 ||     3
 Stab: Invisible         |       |       |     1 ||     1
       Paralysed         |       |       |    10 ||    10
Armor: Skin              |    18 |    32 |    45 ||    95
Dodge: Dodged            |    41 |    41 |   104 ||   186
       Rpst.: Double sword |    13 |    13 |    20 ||    46

Table legend: (Time is in decaauts)
 A = Elapsed time spent in this place.
 B = Non-inter-level travel time spent in this place.
 C = Inter-level travel time spent in this place.
 D = Time resting spent in this place.
 E = Time spent auto-exploring this place.
 F = Levels seen in this place.
 G = Mean time per level.
                   A        B        C        D        E       F      G
               +--------+--------+--------+--------+--------+-----+--------+
         Total |   8940 |   8597 |    343 |   2254 |   4665 |   8 | 1117.5 |
       Dungeon |   8940 |   8597 |    343 |   2254 |   4665 |   8 | 1117.5 |
               +--------+--------+--------+--------+--------+-----+--------+

Top non-repeatable levels by time:
     D:6: 1995 daAuts
     D:2: 1978 daAuts
     D:3: 1171 daAuts
     D:1: 1083 daAuts
     D:5: 994 daAuts
     D:4: 864 daAuts
     D:9: 794 daAuts
     D:7: 56 daAuts
